 Dungeon Sprint DCSS version 0.28-a0-1387-g3a22ab9bdc (webtiles) character file.

Game seed: 2384725362133870805

49525 mhtbhm the Slayer (level 13, -29/225 HPs)
             Began as a Red Draconian Berserker on Jan 2, 2022.
             Was the Champion of Trog.
             Annihilated by a +5 halberd of protection (31 damage)
             ... in the Dungeon (Sprint III: "The Ten Rune Challenge").
             The game lasted 00:13:14 (8223 turns).

mhtbhm the Slayer (Red Draconian Berserker)         Turns: 8223, Time: 00:13:15

Health: -29/225    AC:  8    Str: 24    XL:     13   Next: 53%
Magic:  13/13      EV: 18    Int:  8    God:    Trog [******]
Gold:   3673       SH:  0    Dex: 11    Spells: 12/12 levels left

rFire   + . .      SeeInvis +   a - +11 morningstar of the Ecumenical Temple {vorpal, rC++ rN+ Will+ Stlth-}
rCold   + + .      Faith    .   (no shield)
rNeg    + . .      Spirit   .   (armour unavailable)
rPois   .          Reflect  .   (helmet restricted)
rElec   .          Harm     .   (no cloak)
rCorr   .          Rampage  .   (no gloves)
Will    +....      NoTele   +   (no boots)
Stlth   ..........              (no amulet)
HPRegen 0.47/turn               (no ring)
MPRegen 0.13/turn               (no ring)

@: berserking, flying, very quick
A: breathe fire, AC +8, unfitting armour, fire resistance 1, cold-blooded, big
wings, see invisible
}: 1/10 runes: decaying
a: Breathe Fire, Renounce Religion, Berserk, Trog's Hand, Brothers in Arms


You were in the Dungeon.
You worshipped Trog.
Trog was exalted by your worship.
You visited 1 branch You collected 4050 gold pieces.
You spent 377 gold pieces at shops.

Inventory:

Hand Weapons
 a - the +11 morningstar of the Ecumenical Temple (weapon) {vorpal, rC++ rN+ Will+ Stlth-}
   (Trog gifted it to you in the Dungeon)

   It inflicts extra damage upon your enemies.
   rC:        It greatly protects you from cold.
   rN:        It protects you from negative energy.
   Will:      It increases your willpower.
   Stlth:     It makes you less stealthy.
Missiles
 d - 4 silver javelins (quivered)
 k - 7 curare-tipped darts
 s - 2 boomerangs of dispersal
Wands
 q - a wand of mindburst (14)
 r - a wand of polymorph (14)
Scrolls
 g - a scroll of blinking
 i - a scroll of torment
 j - a scroll of identify
 l - 2 scrolls of holy word
 o - a scroll of enchant weapon
Potions
 b - a potion of curing
 c - a potion of haste
 e - 3 potions of magic
 f - 2 potions of berserk rage
 h - 3 potions of mutation
 m - 2 potions of brilliance {unknown}
 n - a potion of flight {unknown}
Miscellaneous
 p - a box of beasts


   Skills:
 + Level 24.1 Fighting
 + Level 21.7 Maces & Flails
 + Level 1.2 Throwing
 + Level 16.0 Dodging
 + Level 9.9 Stealth
 + Level 4.7 Evocations


You had 12 spell levels left.
You didn't know any spells.
Your spell library was empty.

Dungeon Overview and Level Annotations

Branches:
Dungeon (1/1)

Altars:
Cheibriados
Dithmenos
Elyvilon
Fedhas
Gozag
Hepliaklqana
Kikubaaqudgha
Makhleb
Nemelex Xobeh
Okawaru
Qazlal
Ru
Sif Muna
Trog
Uskayaw
Vehumet
Wu Jian
Xom
Yredelemnul
Zin
The Shining One
Beogh
Jiyva
Lugonu

Shops:
D !(=[


Innate Abilities, Weirdness & Mutations

You can breathe blasts of fire.
Your fiery red scales are hard. (AC +8)
You cannot fit into any form of body armour.
Your flesh is heat resistant. (rF+)
You are cold-blooded and may be slowed by cold attacks.
Your large and strong wings let you fly.
You have supernaturally acute eyesight. (SInv)


Message History

You impale the +1 long sword of flaming!!
You feel the power of Trog in you as your rage grows.
The +1 long sword of flaming falls from the air.
Trog accepts your kill.
The +0 short sword of draining misses you.
The +5 halberd of protection hits you from afar!!
Your life force feels restored.
Your Fighting skill increases to level 24!
Unknown command.
You miss the +1 dire flail of protection.
The +0 short sword of draining hits you.
* * * LOW HITPOINT WARNING * * *
You partially resist.
You feel drained.
The +1 dire flail of protection hits you!!
* * * LOW HITPOINT WARNING * * *
The +5 halberd of protection completely misses you.
Press: ? - help, v - describe, . - travel
Here: a +5 halberd of protection The floor.
You bludgeon the +0 short sword of draining!!
The +0 short sword of draining falls from the air.
Trog accepts your kill.
Your life force feels restored.
Your Dodging skill increases to level 16!
Unknown command.
You closely miss the +1 dire flail of protection.
The +5 halberd of protection hits you from afar!
* * * LOW HITPOINT WARNING * * *
Unknown command.
You closely miss the +1 dire flail of protection.
Your tail-slap misses the +1 dire flail of protection.
The +1 dire flail of protection completely misses you.
The +5 halberd of protection hits you from afar!!
* * * LOW HITPOINT WARNING * * *
Unknown command.
You miss the +1 dire flail of protection.
The +1 dire flail of protection hits you!
* * * LOW HITPOINT WARNING * * *
The +5 halberd of protection hits you from afar!!
You die...

☼§§z#c##.#.#####.####
#######..'.#)..'.#..#
......'..#######.[..#
..########.. ..#.####
### #..#..#.#..# #.#
#.#.#.#.'..# ).#
#.....#.#..# ..#
#....(#.#..# ..#
#.(@#..# ..#
#..#.#..# ..#
)....###### #.#
###### *9. .... ....


You could see 2 dancing weapons.

Vanquished Creatures
  the Lernaean hydra (D)
  Rupert (D)
  Gastronok (D)
  A kraken (D)
  Dowan (D)
  4 azure jellies (D)
  2 dire elephants (D)
  A fire dragon (D)
  A yaktaur captain (D)
  3 hydras (D)
  Erolcha (D)
  An anaconda (shapeshifter) (D)
  A centaur warrior (D)
  2 dancing weapons (D)
  4 death yaks (D)
  A deep elf knight (D)
  Urug (D)
  A death drake (D)
  2 swamp dragons (D)
  A lindwurm (D)
  An orange crystal statue (D)
  3 deep elf pyromancers (D)
  2 deep elf zephyrmancers (D)
  An ugly thing (D)
  2 black mambas (D)
  2 elephants (D)
  A torpor snail (shapeshifter) (D)
  Duvessa (D)
  A rime drake (D)
  2 cane toads (D)
  A komodo dragon (D)
  4 spriggan defenders (D)
  An orc high priest (D)
  8 blink frogs (D)
  2 tyrant leeches (D)
  A slime creature (D)
  3 snapping turtles (D)
  A shadow (D)
  5 redbacks (D)
  A spatial vortex (D)
  A hydra simulacrum (D)
  3 swamp drakes (D)
  2 orc warriors (D)
  2 fire dragon simulacra (D)
  A necrophage (D)
  5 two-headed ogres (D)
  A water elemental (D)
  An electric eel (D)
  A jelly (D)
  6 orc priests (D)
  A wizard (D)
  Jessica (D)
  An orc wizard (D)
  A necromancer (D)
  A polar bear simulacrum (D)
  3 humans (D)
  A kobold demonologist (D)
  3 wandering mushrooms (D)
  A phantom (D)
  9 orcs (D)
  An endoplasm (D)
  3 rats (D)
  4 tentacles (D)
127 creatures vanquished.

Vanquished Creatures (collateral kills)
  A swamp dragon (D)
1 creature vanquished.

Vanquished Creatures (others)
  A ball lightning (D)
  A ballistomycete spore (D)
  2 fungi (D)
  51 plants (D)
  7 tentacles (D)
62 creatures vanquished.

Grand Total: 190 creatures vanquished

Notes
Turn   | Place    | Note
-------+----------+-------------------------------------------
     0 | D        | mhtbhm the Draconian Berserker began the quest for the Orb.
     0 | D        | Reached XP level 1. HP: 19/19 MP: 1/1
    29 | D        | Noticed Jessica
    34 | D        | Killed Jessica
    34 | D        | Reached ** piety under Trog
    35 | D        | Reached skill level 5 in Fighting
    35 | D        | Reached XP level 2. HP: 23/29 MP: 2/2
   125 | D        | Reached skill level 5 in Maces & Flails
   125 | D        | Reached XP level 3. HP: 36/36 MP: 3/3
   183 | D        | Gained mutation: You have supernaturally acute eyesight.
                  | (SInv) [potion of mutation]
   183 | D        | Gained mutation: Your flesh is heat resistant. (rF+)
                  | [potion of mutation]
   183 | D        | Gained mutation: Your large and strong wings let you fly.
                  | [potion of mutation]
   286 | D        | Noticed a water elemental
   296 | D        | Killed a water elemental
   296 | D        | Reached *** piety under Trog
   297 | D        | Reached skill level 6 in Fighting
   297 | D        | Reached skill level 5 in Dodging
   297 | D        | Reached XP level 4. HP: 14/45 MP: 4/4
   527 | D        | Found a glowing silver altar of Zin.
   527 | D        | Found a glowing golden altar of the Shining One.
   527 | D        | Found a white marble altar of Elyvilon.
   528 | D        | Noticed a deep elf pyromancer
   537 | D        | Killed a deep elf pyromancer
   538 | D        | Reached skill level 10 in Fighting
   538 | D        | Reached skill level 10 in Maces & Flails
   538 | D        | Reached XP level 5. HP: 56/58 MP: 5/5
   538 | D        | Reached XP level 6. HP: 63/66 MP: 6/6
   538 | D        | Your scales start taking on a fiery red colour.
   538 | D        | Reached XP level 7. HP: 69/72 MP: 7/7
   538 | D        | Mutation became permanent: Your flesh is heat resistant.
                  | (rF+) [Red Draconian growth]
   538 | D        | Gained mutation: Your flesh is heat resistant. (rF+) [Red
                  | Draconian growth]
   584 | D        | Found a radiant altar of Vehumet.
   584 | D        | Found a shimmering blue altar of Sif Muna.
   584 | D        | Found an ancient bone altar of Kikubaaqudgha.
   590 | D        | Reached **** piety under Trog
   634 | D        | Found a basalt altar of Yredelemnul.
   634 | D        | Found a shadowy altar of Dithmenos.
   634 | D        | Found a sacrificial altar of Ru.
   646 | D        | Reached ***** piety under Trog
   676 | D        | Found a hide-covered altar of Uskayaw.
   676 | D        | Found an iron altar of Okawaru.
   676 | D        | Found a bloodstained altar of Trog.
   676 | D        | Found an ornate altar of the Wu Jian Council.
   676 | D        | Noticed a human
   676 | D        | Noticed a human
   680 | D        | Killed a human
   681 | D        | Reached skill level 11 in Fighting
   681 | D        | Reached skill level 1 in Stealth
   682 | D        | Killed a human
  1036 | D        | Noticed a shadow
  1043 | D        | Killed a shadow
  1044 | D        | Reached XP level 8. HP: 76/82 MP: 8/8
  1051 | D        | Found a blossoming altar of Fedhas.
  1051 | D        | Found a stormy altar of Qazlal.
  1051 | D        | Found a snail-covered altar of Cheibriados.
  1051 | D        | Found a burning altar of Makhleb.
  1051 | D        | Found a shimmering altar of Xom.
  1052 | D        | Found a hazy altar of Hepliaklqana.
  1052 | D        | Found an opulent altar of Gozag.
  1052 | D        | Found a sparkling altar of Nemelex Xobeh.
  1052 | D        | Found a corrupted altar of Lugonu.
  1052 | D        | Found a viscous altar of Jiyva.
  1063 | D        | Received a gift from Trog
  1090 | D        | Reached skill level 12 in Fighting
  1181 | D        | Noticed a two-headed ogre
  1212 | D        | Killed a two-headed ogre
  1279 | D        | Noticed Erolcha
  1280 | D        | Noticed a two-headed ogre
  1288 | D        | Killed Erolcha
  1289 | D        | Reached skill level 13 in Fighting
  1289 | D        | Reached skill level 1 in Evocations
  1289 | D        | Reached XP level 9. HP: 93/93 MP: 9/9
  1295 | D        | Killed a two-headed ogre
  1444 | D        | Reached skill level 10 in Dodging
  1446 | D        | Reached skill level 15 in Maces & Flails
  1451 | D        | Noticed a wandering mushroom
  1457 | D        | Noticed a wandering mushroom
  1498 | D        | Noticed a wandering mushroom
  1753 | D        | Reached ****** piety under Trog
  1897 | D        | Found Suenu's Armour Emporium.
  1913 | D        | Reached skill level 14 in Fighting
  1920 | D        | Received a gift from Trog
  1932 | D        | Identified the +11 morningstar of the Ecumenical Temple
                  | {vorpal, rC++ rN+ Will+ Stlth-} (Trog gifted it to you in
                  | the Dungeon)
  1932 | D        | Received a gift from Trog
  2048 | D        | Noticed a deep elf zephyrmancer
  2048 | D        | Noticed a deep elf pyromancer
  2048 | D        | Noticed a deep elf zephyrmancer
  2048 | D        | Noticed a deep elf pyromancer
  2048 | D        | Noticed a deep elf knight
  2059 | D        | Killed a deep elf knight
  2060 | D        | Reached XP level 10. HP: 104/104 MP: 10/10
  2067 | D        | Killed a deep elf pyromancer
  2068 | D        | Killed a deep elf zephyrmancer
  2068 | D        | Received a gift from Trog
  2069 | D        | Reached skill level 15 in Fighting
  2069 | D        | Noticed a deep elf zephyrmancer
  2070 | D        | Killed a deep elf pyromancer
  2074 | D        | Killed a deep elf zephyrmancer
  2075 | D        | Noticed a deep elf high priest
  2077 | D        | Noticed a deep elf annihilator
  2174 | D        | Noticed a deep elf demonologist
  2455 | D        | Noticed a cane toad
  2455 | D        | Noticed a cane toad
  2459 | D        | Killed a cane toad
  2459 | D        | Received a gift from Trog
  2460 | D        | Killed a cane toad
  2465 | D        | Reached skill level 16 in Fighting
  2774 | D        | Noticed a lindwurm
  2784 | D        | Killed a lindwurm
  2789 | D        | Reached XP level 11. HP: 49/115 MP: 11/11
  3141 | D        | Noticed Urug
  3145 | D        | Killed Urug
  3157 | D        | Noticed a five-headed hydra
  3157 | D        | Noticed a six-headed hydra
  3164 | D        | Killed a five-headed hydra
  3165 | D        | Reached skill level 17 in Fighting
  3165 | D        | Reached skill level 5 in Stealth
  3167 | D        | Killed a six-headed hydra
  3167 | D        | Received a gift from Trog
  3255 | D        | Noticed a death drake
  3262 | D        | Killed a death drake
  3575 | D        | Identified the +9 trident "Sacota" {antimagic, rCorr}
  3937 | D        | Noticed a kraken
  4058 | D        | Killed a kraken
  4059 | D        | Reached skill level 18 in Fighting
  4245 | D        | Noticed an alligator snapping turtle
  4253 | D        | Noticed an alligator snapping turtle
  4274 | D        | Received a gift from Trog
  4925 | D        | Noticed a dire elephant
  4925 | D        | Noticed a dire elephant
  4938 | D        | Killed a dire elephant
  4939 | D        | Reached skill level 19 in Fighting
  4945 | D        | Noticed Gastronok
  4956 | D        | Killed a dire elephant
  4957 | D        | Reached XP level 12. HP: 51/130 MP: 12/12
  4959 | D        | Killed Gastronok
  4965 | D        | Noticed an azure jelly
  4966 | D        | Noticed an azure jelly
  4966 | D        | Noticed an azure jelly
  5034 | D        | Noticed an azure jelly
  5205 | D        | Noticed Rupert
  5205 | D        | Paralysed by Rupert for 6 turns
  5221 | D        | Killed Rupert
  5221 | D        | Received a gift from Trog
  5222 | D        | Reached skill level 20 in Fighting
  5394 | D        | Noticed a death yak
  5395 | D        | Noticed a death yak
  5399 | D        | Killed a death yak
  5400 | D        | Noticed a death yak
  5403 | D        | Killed a death yak
  5405 | D        | Noticed a death yak
  5410 | D        | Killed a death yak
  5422 | D        | Killed a death yak
  5423 | D        | Reached skill level 21 in Fighting
  5804 | D        | Received a gift from Trog
  5857 | D        | Killed an azure jelly
  5860 | D        | Killed an azure jelly
  5864 | D        | Killed an azure jelly
  5868 | D        | Killed an azure jelly
  5869 | D        | Reached skill level 22 in Fighting
  6216 | D        | Found Ofuk's Distillery.
  6216 | D        | Found Koukuaq's Antique Weapon Boutique.
  6216 | D        | Found Vydosm's Jewellery Emporium.
  6224 | D        | Received a gift from Trog
  6237 | D        | HP: 5/139 [swamp dragon (3)]
  6600 | D        | Bought a potion of curing for 39 gold pieces
  6600 | D        | Bought 2 potions of haste for 260 gold pieces
  6600 | D        | Bought a potion of curing for 39 gold pieces
  6600 | D        | Bought a potion of curing for 39 gold pieces
  6616 | D        | Noticed a five-headed hydra
  6616 | D        | Noticed the 27-headed Lernaean hydra
  6627 | D        | Killed a five-headed hydra
  6628 | D        | Reached XP level 13. HP: 146/146 MP: 13/13
  6633 | D        | Killed the 27-headed Lernaean hydra
  6657 | D        | Got a decaying rune of Zot
  7055 | D        | Noticed Dowan
  7055 | D        | Noticed Duvessa
  7062 | D        | Killed Dowan
  7063 | D        | Reached skill level 23 in Fighting
  7069 | D        | Killed Duvessa
  7069 | D        | Received a gift from Trog
  7070 | D        | Reached skill level 15 in Dodging
  7443 | D        | HP: 7/148 [poison (dark miasma)]
  7919 | D        | Received a gift from Trog
  8038 | D        | Noticed a fire dragon
  8041 | D        | Reached skill level 1 in Throwing
  8049 | D        | Killed a fire dragon
  8218 | D        | Reached skill level 24 in Fighting
  8223 | D        | HP: 2/225 [+1 dire flail of protection (13)]
  8223 | D        | Annihilated by a +5 halberd of protection

Illustrated notes

Levels and vault maps discovered:
D:        dungeon_sprint_mu [sprint_mu_entry_cave, sprint_mu_temple_rooms,
          sprint_mu_d1_spiders, sprint_mu_d2_genie, sprint_mu_d3_branching,
          sprint_mu_orc_legion, sprint_mu_elf_gauntlet, sprint_mu_hive_nellie,
          sprint_mu_lair_fedhas, sprint_mu_vaults_butterflies,
          sprint_mu_slime_circle, sprint_mu_swamp_cave, sprint_mu_shoals_kraken,
          sprint_mu_blade_basic, sprint_mu_crypt_chambers,
          sprint_mu_tomb_spiral, sprint_mu_vestibule_basic,
          sprint_mu_gehenna_hellfire, sprint_mu_dis_giant,
          sprint_mu_tartarus_statrot, sprint_mu_cocytus_islands, sprint_mu_zot1]

Skill      XL: |  1  2  3  4  5  6  7  8  9 10 11 12 13 |
---------------+----------------------------------------+-----
Fighting       | 5 6 10 11 13 14 16 19 22 24 | 24.1
Maces & Flails | 4 5 6 10 12 14 16 17 19 21 | 21.7
Dodging        | 3 4 5 7 8 9 10 11 13 14 16 | 16.0
Stealth        | 1 2 3 4 7 9 |  9.9
Evocations     | 1 2 4 |  4.7
Throwing       | 1 |  1.2

Action                   |  1- 3 |  4- 6 |  7- 9 | 10-12 | 13-15 || total
-------------------------+-------+-------+-------+-------+-------++-------
Melee: Mace              |    30 |     8 |   122 |       |       ||   160
       Tailslap          |     4 |     2 |    25 |    36 |    12 ||    79
       Morningstar       |       |       |     5 |   196 |    75 ||   276
Throw: Javelin           |       |       |       |       |     3 ||     3
Invok: Berserk           |     2 |     1 |    10 |    12 |     3 ||    28
       Brothers in Arms  |       |       |       |     2 |       ||     2
       Trog's Hand       |       |       |       |     1 |       ||     1
 Abil: Breathe Fire      |       |       |    11 |    10 |       ||    21
Evoke: Wand              |       |       |     5 |       |       ||     5
       Box of beasts     |       |       |     1 |       |       ||     1
  Use: Potion            |     1 |       |     1 |     8 |     3 ||    13
       Scroll            |       |       |       |     4 |       ||     4
 Stab: Sleeping          |       |       |       |     3 |     2 ||     5
       Distracted        |       |       |       |     2 |     1 ||     3
Armor: Skin              |     4 |       |     8 |    44 |    16 ||    72
Dodge: Dodged            |    15 |     2 |    46 |   124 |    52 ||   239

Table legend: (Time is in decaauts)
 A = Elapsed time spent in this place.
 B = Non-inter-level travel time spent in this place.
 C = Inter-level travel time spent in this place.
 D = Time resting spent in this place.
 E = Time spent auto-exploring this place.
 F = Levels seen in this place.
 G = Mean time per level.
                   A        B        C        D        E       F      G
               +--------+--------+--------+--------+--------+-----+--------+
         Total |   8326 |   8310 |     16 |   6520 |     81 |   1 | 8326.0 |
       Dungeon |   8326 |   8310 |     16 |   6520 |     81 |   1 | 8326.0 |
               +--------+--------+--------+--------+--------+-----+--------+

Top non-repeatable levels by time:
       D: 8326 daAuts
